 Dungeon Crawl Stone Soup version 0.18-a0-1343-g48c8f86 (webtiles) character file.

42 Gorice the Skirmisher (level 3, -5/29 HPs)
             Began as a Demonspawn Abyssal Knight on Feb 16, 2016.
             Was a Believer of Lugonu.
             Killed from afar by Ijyb (12 damage)
             ... with a wand of lightning
             ... on level 2 of the Dungeon.
             The game lasted 00:05:32 (1313 turns).

Gorice the Skirmisher (Demonspawn Abyssal Knight)   Turns: 1313, Time: 00:05:32

Health: -5/29      AC: 12    Str: 13    XL:     3   Next: 33%
Magic:  4/4        EV: -1    Int: 13    God:    Lugonu [**....]
Gold:   109        SH: 10    Dex: 12    Spells: 0 memorised, 2 levels left

rFire  . . .     SeeInvis .     a - +1 falchion
rCold  . . .     Gourm    .     k - +1 plate armour
rNeg   . . .     Faith    .     q - +0 large shield
rPois  .         Spirit   .     (helmet restricted)
rElec  .         Dismiss  .     (no cloak)
rCorr  .         Reflect  .     (no gloves)
SustAt .         Harm     .     (no boots)
MR     .....                    (no amulet)
Stlth  ..........               (no ring)
                                (no ring)

@: not resistant to hostile enchantments, extremely unstealthy
A: antennae 1, hooves 1
a: Depart the Abyss, Bend Space, Renounce Religion


You were on level 2 of the Dungeon.
You worshipped Lugonu.
Lugonu was pleased with you.
You were not hungry.

You visited 1 branch of the dungeon, and saw 2 of its levels.
You visited the Abyss 1 time.

You collected 109 gold pieces.

Inventory:

Hand Weapons
 a - a +1 falchion (weapon)
 b - a +0 hunting sling
Missiles
 h - 7 poisoned needles
 p - 67 sling bullets
 Z - 99 stones (quivered)
Armour
 e - a +0 ring mail
 k - a +1 plate armour (worn)
 m - a +0 leather armour
 q - a +0 large shield (worn)
Scrolls
 r - a scroll of fog {unknown}
 s - a scroll of fear {unknown}
 t - a scroll of identify {unknown}
Potions
 d - a potion of haste {unknown}
 g - a potion of berserk rage {unknown}
 i - a potion of curing {unknown}
 l - a potion of degeneration {unknown}
 n - 2 potions of invisibility {unknown}
 o - 2 potions of agility {unknown}
Comestibles
 c - a bread ration {!e}
 f - 2 meat rations {!e}
 u - a slice of pizza


   Skills:
 - Level 3.0 Fighting
 * Level 3.0 Long Blades
 + Level 2.4 Armour
 - Level 0.8 Dodging
 - Level 2.4 Invocations


You had 2 spell levels left.
You didn't know any spells.

Dungeon Overview and Level Annotations

Branches:
Dungeon (2/15)

Altars:
Ru

Annotations:
D:1 vpUX: loot vault needs dig
D:2 Ijyb


Innate Abilities, Weirdness & Mutations

You have a pair of small antennae on your head.
You have large cloven feet.


Message History

Some of the chunks of flesh in your inventory have rotted away.
Z - 94 stones (gained 28);
s - a scroll labeled OCUAGR NEDDE
p - 41 sling bullets (gained 2)
Things that are here:
a hunting sling; an uncursed dagger; a goblin corpse You butcher the goblin corpse.
j - 7 chunks of flesh (gained 2)
Things that are here:
a hunting sling; an uncursed dagger
Z - 95 stones (gained 1)
Z - 96 stones (gained 1)
Things that are here:
a hunting sling; an uncursed dagger You start resting.
Some of the chunks of flesh in your inventory have rotted away.
A kobold comes into view. It is wielding a dagger.
The kobold shouts!
The kobold throws a stone.
The stone hits you but does no damage.
You see here a stone.
The kobold throws a stone.
The stone completely misses you.
You hit the kobold but do no damage. The kobold hits you but does no damage.
Your shield and plate armour prevent you from hitting the kobold.
Your kick misses the kobold. You block the kobold's attack. x2
You slash the kobold!
You kill the kobold!
Lugonu accepts your kill.
No target in view!
No target in view!
Z - 97 stones (gained 1)
Things that are here:
a dagger; a kobold corpse
Z - 99 stones (gained 2)
Things that are here:
a hunting sling; an uncursed dagger Some of the chunks of flesh in your inventory have rotted away.
Found a dagger.
Found a stone staircase leading down.
t - a scroll labeled AFYMUINTUEL
There is a stone staircase leading down here.
u - a slice of pizza All of the chunks of flesh in your inventory have rotted away.
p - 67 sling bullets (gained 26) Ijyb the Twisted Goblin comes into view.
He is wielding a dagger.
Ijyb shouts!
Ijyb moves out of view.
Ijyb zaps a wand.
The bolt of lightning hits you!
Ouch! That really hurt!
* * * LOW HITPOINT WARNING * * *
The bolt of lightning hits you!
You die...

..##...#..##.# ..#
..........##.# .##
....#....##..##.#
..##.##..##.##..#
..#..)#.....##.###
..#...#..#.......#
..#)#.#....##..#.#
..##.##..........#
#...).........##@#
#รท#...#........g........
#.###.#......###..###...
..# .#.#.........## .##
.#.#.#..# ##..#
.###.##..)...# #.#
###..##..#.#.#####.####
###.#........##.......#
##..#.#.).............#


You could see Ijyb.

Vanquished Creatures
  2 adders (D:2)
  A giant gecko (D:2)
  2 giant cockroaches
  3 hobgoblins (D:2)
  A ball python (D:1)
  2 bats
  4 giant newts
  5 goblins
  3 kobolds
  3 rats
26 creatures vanquished.

Notes
Turn   | Place    | Note
--------------------------------------------------------------
     0 | Abyss:1  | Gorice the Demonspawn Abyssal Knight began the quest for the Orb.
     0 | Abyss:1  | Reached XP level 1. HP: 18/18 MP: 2/2
    27 | D:1      | Escaped the Abyss
   149 | D:1      | Reached skill level 2 in Long Blades
   552 | D:1      | Reached skill level 2 in Armour
   552 | D:1      | Gained mutation: You have large cloven feet. [demonic ancestry]
   552 | D:1      | Reached XP level 2. HP: 24/24 MP: 3/3
   888 | D:2      | Found a sacrificial altar of Ru.
  1036 | D:2      | Gained mutation: You have a pair of small antennae on your head. [demonic ancestry]
  1036 | D:2      | Reached XP level 3. HP: 25/29 MP: 4/4
  1093 | D:2      | Reached skill level 3 in Long Blades
  1094 | D:2      | Reached ** piety under Lugonu
  1312 | D:2      | Noticed Ijyb
  1313 | D:2      | HP: 7/29 [Ijyb/wand of lightning (22)]
  1313 | D:2      | Killed from afar by Ijyb

Vault maps used:
D:1:      dpeg_arrival_rooms_with_view, due_unseen_surprise
D:2:      nicolae_ru_awakened_eye, kennysheep_another_room, st_stairs_4,
          minmay_distorted, uniq_iyjb
Abyss:1:  guppyfry_abyss_exit_spiral_guarded

Action                   || total
-------------------------++-------
Melee: Falchion          ||    72
 Fire: Hunting sling     ||    23
  Use: Scroll            ||     3
  Eat: Chunk             ||     1

Table legend:
 A = Turns spent in this place as a percentage of turns spent in the entire game.
 B = Non-inter-level travel turns spent in this place as a percentage of non-inter-level travel turns spent in the entire game.
 C = Inter-level travel turns spent in this place as a percentage of turns spent in this place.
 D = Turns resting spent in this place as a percentage of non-inter-level travel turns spent in this place.
 E = Turns spent auto-exploring this place as a percentage of non-inter-level travel turns spent in this place.
 F = Non-inter-level travel turns spent in this place divided by the number of levels of this place that you've seen.
                   A       B       C       D       E      F
               +-------+-------+-------+-------+-------+----------------------
         Total | 100.0 | 100.0 |   0.5 |   0.7 |   6.3 | 185.3
       Dungeon |  94.1 |  94.1 |   0.6 |   0.8 |   6.7 | 261.5
         Abyss |   5.9 |   5.9 |   0.0 |   0.0 |   0.0 |  33.0
               +-------+-------+-------+-------+-------+----------------------

Vault maps used:
D:1:      dpeg_arrival_rooms_with_view, due_unseen_surprise
D:2:      nicolae_ru_awakened_eye, kennysheep_another_room, st_stairs_4,
          minmay_distorted, uniq_iyjb
Abyss:1:  guppyfry_abyss_exit_spiral_guarded
